 Dungeon Crawl Stone Soup version 0.32-a0-42-ga30500b4d3 (webtiles) character file.

Game seed: 16967187479433500551

26 cforsyth the Magician (level 3, -1/29 HPs)
             Began as a Djinni Warper on Feb 1, 2024.
             Slain by a kobold
             ... wielding a +2 whip of electrocution
              (9 damage)
             ... on level 1 of the Dungeon.
             The game lasted 00:01:05 (606 turns).

cforsyth the Magician (Djinni Warper)                Turns: 606, Time: 00:01:06

Health: -1/29      AC:  3    Str: 10    XL:     3   Next: 22%
Gold:   71         EV: 11    Int: 16    God:
                   SH:  0    Dex: 12

rFire   + + .        a - +0 falchion
rCold   x . .        (no shield)
rNeg    . . .        b - +0 leather armour
rPois   ∞            f - +0 hat
rElec   .            (no cloak)
rCorr   .            (no gloves)
SInv    .            (boots unavailable)
Will    .....        (no amulet)
Stlth   +            (no ring)
HPRegen 0.24/turn    (no ring)
MPRegen 0.00/turn

%: infuse magic (-2 HP)
@: flying
A: sickness immunity, fire resistance 2, cold vulnerability 1, float, innate
caster, HP casting, extra vitality 1
a: no special abilities


You were on level 1 of the Dungeon.
You visited 1 branch of the dungeon, and saw 1 of its levels.

You collected 71 gold pieces.

Inventory:

Hand Weapons
 a - a +0 falchion (weapon)
Missiles
 d - 5 darts of dispersal
Armour
 b - a +0 leather armour (worn)
 f - a +0 hat (worn)
Scrolls
 c - a scroll of blinking
 e - a scroll of brand weapon {unknown}
Potions
 g - a potion of magic {unknown}


   Skills:
 + Level 2.8 Fighting
 - Level 1.7 Long Blades
 - Level 0.7 Throwing
 - Level 1.0 Armour
 - Level 2.1 Dodging
 + Level 3.3 Spellcasting
 + Level 3.3 Conjurations
 + Level 3.3 Hexes
 + Level 3.3 Summonings
 + Level 3.3 Necromancy
 + Level 3.3 Translocations
 + Level 3.3 Fire Magic
 + Level 3.3 Ice Magic
 + Level 3.3 Air Magic
 + Level 3.3 Earth Magic
 + Level 3.3 Alchemy


You knew the following spells:

 Your Spells              Type           Power      Damage    Failure   Level
a - Blink                 Tloc           26%        N/A       10%         2
b - Lesser Beckoning      Tloc           26%        N/A       10%         2
c - Teleport Other        Tloc           13%        N/A       19%         3
d - Manifold Assault      Tloc           13%        N/A       54%         4
e - Vhi's Electric Charg  Tloc/Air       26%        N/A       54%         4
f - Freeze                Ice            52%        1d6       6%          1
Your spell library was empty.

Dungeon Overview and Level Annotations

Branches:
Dungeon (1/15)

Altars:


Innate Abilities, Weirdness & Mutations

You are immune to sickness and miasma.
You are immune to poison.
Your flesh is very heat resistant. (rF++)
You are vulnerable to cold. (rC-)
You float through the air rather than walking.
You learn spells naturally, not from books.
Your magical power is your life essence.
You have superior vitality. (+4 MHP)


Message History

You kill the hobgoblin!
No target in view!
No target in view!
No target in view!
No target in view!
No target in view!
You now have 71 gold pieces (gained 11).
You see here a hobgoblin corpse.
You reach down and open the large door.
Found 3 stones.
A quokka comes into view.
A quokka is nearby!
The quokka barely misses you.
You freeze the quokka.
The quokka is almost dead.
The quokka barely misses you.
You freeze the quokka!
You kill the quokka!
You can't see any susceptible monsters within range! (Use Z to cast anyway.)
You reach down and open the door.
There is an open door here.
You reach down and open the door.
There is an open door here.
You reach down and open the door.
There is an open door here.
As you open the door, it creaks loudly!
You hear a shout!
A kobold comes into view.
It is wielding a +2 whip of electrocution.
A kobold is nearby!
A kobold is nearby!
A kobold is nearby!
The kobold throws a stone.
The stone barely misses you.
The kobold throws a stone.
The stone barely misses you. The kobold barely misses you.
You closely miss the kobold. The kobold hits you but does no damage.
You are electrocuted!!
Ouch! That really hurt!
The kobold hits you with a +2 whip of electrocution.
* * * LOW HITPOINT WARNING * * *
You are electrocuted!
You die...

##...≈≈≈'...#.......#...+≈≈~....#
##...~≈≈'(..##'###+##...+≈≈~....#
#...~≈≈#+#+#≈≈≈≈≈≈≈#'#+#≈≈≈....#
#...≈≈≈≈≈≈≈≈≈≈≈≈≈≈≈≈≈≈≈≈≈≈~....#
#...~≈≈≈≈≈≈≈≈≈≈≈≈≈≈≈≈≈≈≈≈≈~....#
##...~≈~~~~~~~~~≈≈~~≈~~~≈≈≈~.....
.............................#..#
##..............................#
##.............@...............#
##########.#.K##..............#
#.#.. ............##..
.........#...#.#..#.#
#.................†...
#....##.#####.#.#..... #.... ..
..#..### ###.# #..... #.....


You could see a kobold.

Vanquished Creatures
  2 dart slugs (D:1)
  2 endoplasms (D:1)
  A giant cockroach (D:1)
  3 goblins (D:1)
  3 hobgoblins (D:1)
  A kobold (D:1)
  4 quokkas (D:1)
  2 ball pythons (D:1)
18 creatures vanquished.

Notes
Turn   | Place    | Note
-------+----------+-------------------------------------------
     0 | D:1      | cforsyth the Djinni Warper began the quest for the Orb.
     0 | D:1      | cforsyth set off with the following spells memorised:
                  | Blink, Lesser Beckoning, Teleport Other, Manifold Assault,
                  | Vhi's Electric Charge.
     0 | D:1      | Reached XP level 1. HP: 18/18 MP: 0/0
    82 | D:1      | Reached XP level 2. HP: 16/23 MP: 0/0
   401 | D:1      | Reached XP level 3. HP: 22/29 MP: 0/0
   401 | D:1      | Learned a level 1 spell: Freeze
   606 | D:1      | Slain by a kobold

Illustrated notes

Levels and vault maps discovered:
D:1:      dpeg_arrival_castle, layout_basic

Skill      XL: |  1 |
---------------+----+-----
Spellcasting   | 3 |  3.3
Conjurations   | 3 |  3.3
Hexes          | 3 |  3.3
Summonings     | 3 |  3.3
Necromancy     | 3 |  3.3
Translocations | 3 |  3.3
Fire Magic     | 3 |  3.3
Ice Magic      | 3 |  3.3
Air Magic      | 3 |  3.3
Earth Magic    | 3 |  3.3
Alchemy        | 3 |  3.3
Fighting       | |  2.8
Long Blades    | |  1.7
Throwing       | |  0.7
Armour         | |  1.0
Dodging        | |  2.1

Action                     || total
---------------------------++-------
  Melee: Falchion          ||    47
  Throw: Dart              ||     2
   Cast: Freeze            ||     5
 Armour: Leather armour    ||    34
  Dodge: Dodged            ||    28

Table legend: (Time is in decaauts)
 A = Elapsed time spent in this place.
 B = Non-inter-level travel time spent in this place.
 C = Inter-level travel time spent in this place.
 D = Time resting spent in this place.
 E = Time spent auto-exploring this place.
 F = Levels seen in this place.
 G = Mean time per level.
                   A        B        C        D        E       F      G
               +--------+--------+--------+--------+--------+-----+--------+
         Total |    615 |    615 |      0 |      0 |    467 |   1 |  615.0 |
       Dungeon |    615 |    615 |      0 |      0 |    467 |   1 |  615.0 |
               +--------+--------+--------+--------+--------+-----+--------+

Top non-repeatable levels by time:
     D:1: 615 daAuts
